 Dungeon Crawl Stone Soup version 0.30-a0-702-gdf48620a09 (webtiles) character file.

Game seed: 4235883880592990512

784473 ASSMAN the Invulnerable (level 27, -3/209 HPs)
             Began as a Demonspawn Transmuter on Jan 21, 2023.
             Was the Champion of Jiyva.
             Slain by a ghost moth (12 damage)
             ... on level 5 of the Realm of Zot.
             The game lasted 03:30:15 (80846 turns).

ASSMAN the Invulnerable (Demonspawn Transmuter)    Turns: 80846, Time: 03:30:15

Health: -3/209     AC: 52    Str: 18 (19) XL:     27
Magic:  0/44       EV: 15    Int: 20      God:    Jiyva [******]
Gold:   8325       SH: 24    Dex: 21      Spells: 49/60 levels left

rFire   + + .      SeeInvis .    x - +18 lance "Wyrmbane" {slay drac, rPois rF+ rC+ AC+3}
rCold   + + .      Faith    .    n - +8 kite shield "Voal" {rElec rPois rF+ Int-4}
rNeg    + + .      Spirit   +    D - +12 gold dragon scales
rPois   +          Reflect  .    H - +2 hat
rElec   +          Harm     .    s - +4 dragonskin cloak
rCorr   +          Rampage  .    O - +2 pair of gloves {infuse}
Will    +++..      Rage     3%   (boots unavailable) Stlth
                                 f - amulet "Putrox" {RegenMP Dex+3}
HPRegen 2.14/turn                J - ring "Ewiby" {rPois rF+ rN+}
MPRegen 1.48/turn                M - ring "Gogazaefey" {rF+ rC+ rN+ Str+4}

@: mighty, agile, about to teleport, marked, fire vulnerable, vertiginous, on
berserk cooldown, slowed, very slow
A: hooves 3, hurl damnation, powered by pain 3, torment resistance 1, magic
shield, magic regeneration, magic link, sharp scales 3, demonic willpower, thin
skeletal structure 1, berserk 1, deformed body, deterioration 1, fire resistance
2, frail 1, strong 1, wild magic 1, eyeballs 2, gelatinous body 1, translucent
skin 2, evolution 1, jelly sensing items, cold vulnerability 1
}: 6/15 runes: serpentine, barnacled, slimy, silver, obsidian, bone
a: Hurl Damnation, Renounce Religion, Oozemancy, Slimify


You were on level 5 of the Realm of Zot.
You worshipped Jiyva.
Jiyva was exalted by your worship.
You visited 15 branches of the dungeon, and saw 74 of its levels.
You visited the Abyss 1 time.
You also visited: Trove, Ossuary and Ice Cave.

You collected 12038 gold pieces.
You spent 3713 gold pieces at shops.

Inventory:

Hand Weapons
 i - the +7 sceptre of Asmodeus
   (You took it off Asmodeus on level 7 of Gehenna)

   Wielding it grants the ability to summon fiery demons, with success rate
   depending on Evocations skill.
   Those summoned this way will remain friendly only for a limited time.
 x - the +18 lance "Wyrmbane" (weapon) {slay drac, rPois rF+ rC+ AC+3}
   (You took it off Maggie on level 7 of the Dungeon)

   AC:        It affects your AC (+3).
   rF:        It protects you from fire.
   rC:        It protects you from cold.
   rPois:     It protects you from poison.
Armour
 n - the +8 kite shield "Voal" (worn) {rElec rPois rF+ Int-4}
   (You found it on level 2 of the Lair of Beasts)

   Int:       It affects your intelligence (-4).
   rF:        It protects you from fire.
   rElec:     It insulates you from electricity.
   rPois:     It protects you from poison.
 s - the +4 dragonskin cloak (worn)
   (You found it on level 1 of the Realm of Zot)

   Avatar's Aegis: It grants the wearer a chance to resist fire, cold, poison,
   electricity, acid, and negative energy.
 D - +12 gold dragon scales (worn)
 H - a +2 hat (worn)
 O - a +2 pair of gloves of infusion (worn)
Magical Staves
 y - a staff of death
Jewellery
 e - the ring of Ignis, Enchanting {Wiz rPois Str-3 Int+3}
   (You found it in a treasure trove)

   [ring of wizardry]

   It improves your spell success rate.
   Str:       It affects your strength (-3).
   Int:       It affects your intelligence (+3).
   rPois:     It protects you from poison.
 f - the amulet "Putrox" (around neck) {RegenMP Dex+3}
   (You found it on level 3 of the Crypt)

   [amulet of magic regeneration]

   It increases your rate of magic regeneration.
   Dex:       It affects your dexterity (+3).
 j - the ring "Fausm" {Will+ rCorr Int+4 SInv}
   (You found it on level 3 of the Crypt)

   [ring of resist corrosion]

   Int:       It affects your intelligence (+4).
   SInv:      It lets you see invisible.
   rCorr:     It protects you from acid and corrosion.
   Will:      It increases your willpower.
 l - a ring of fire
 z - the ring of the Equinox {rElec rN+ Str+9 Int-3}
   (You took it off a skeletal warrior on level 3 of the Crypt)

   [ring of positive energy]

   Str:       It affects your strength (+9).
   Int:       It affects your intelligence (-3).
   rElec:     It insulates you from electricity.
   rN:        It protects you from negative energy.
 E - a ring of positive energy
 I - a ring of willpower
 J - the ring "Ewiby" (left hand) {rPois rF+ rN+}
   (You took it off a deep elf sorcerer on level 3 of the Elven Halls)

   [ring of positive energy]

   rF:        It protects you from fire.
   rPois:     It protects you from poison.
   rN:        It protects you from negative energy.
 M - the ring "Gogazaefey" (right hand) {rF+ rC+ rN+ Str+4}
   (You bought it in a shop on level 2 of the Orcish Mines)

   [ring of protection from cold]

   Str:       It affects your strength (+4).
   rF:        It protects you from fire.
   rC:        It protects you from cold.
   rN:        It protects you from negative energy.
 R - a +6 ring of dexterity
 W - the amulet "Veodghafed" {Acrobat Harm *Slow Str+2 Dex+4 SInv}
   (You found it on level 2 of the Depths)

   [amulet of the acrobat]

   It increases your evasion while moving and waiting.
   Str:       It affects your strength (+2).
   Dex:       It affects your dexterity (+4).
   SInv:      It lets you see invisible.
   *Slow:     It may slow you when you take damage.
   Harm:      It increases damage dealt and taken.
 X - the amulet "Wafawan" {Reflect Rampage Dex+2 Slay-3 SH+5}
   (You found it on level 2 of the Depths)

   [amulet of reflection]

   It reflects blocked missile attacks.
   Dex:       It affects your dexterity (+2).
   Slay:      It affects your accuracy & damage with ranged weapons and melee
   (-3).
   SH:        It affects your SH (+5).
   Rampage:   It bestows one free step when moving towards enemies.
 Z - the amulet "Pesoth" {Harm rF+ rC- rN+ Regen+}
   (You found it on level 3 of the Crypt)

   [amulet of regeneration]

   rF:        It protects you from fire.
   rC:        It makes you vulnerable to cold.
   rN:        It protects you from negative energy.
   Regen:     It increases your rate of health regeneration.
   Harm:      It increases damage dealt and taken.
Wands
 p - a wand of polymorph (6)
 r - a wand of mindburst (55)
 v - a wand of paralysis (34)
 C - a wand of flame (70)
 F - a wand of digging (29)
 G - a wand of roots (23)
 K - a wand of acid (8)
Scrolls
 a - 2 scrolls of silence
 d - 2 scrolls of poison
 h - a scroll of fear
 m - 3 scrolls of enchant armour
 u - 13 scrolls of amnesia
 w - a scroll of summoning
 N - 4 scrolls of brand weapon
 P - 11 scrolls of enchant weapon
 Q - 6 scrolls of fog
 T - 3 scrolls of teleportation
Potions
 b - 6 potions of haste
 g - 7 potions of brilliance
 k - 29 potions of curing
 o - 9 potions of magic
 q - 2 potions of cancellation
 t - 6 potions of invisibility
 A - 15 potions of flight
 B - 7 potions of ambrosia
 Y - 7 potions of resistance
Miscellaneous
 S - a phantom mirror
 U - a box of beasts
 V - the horn of Geryon


   Skills:
 - Level 22.6 Fighting
 - Level 12.0 Polearms
 O Level 27 Armour
 - Level 20.6 Dodging
 - Level 18.3 Shields
 - Level 11.0 Unarmed Combat
 + Level 17.0 Spellcasting
 - Level 17.4 Necromancy
 + Level 14.3 Transmutations


You had 49 spell levels left.
You knew the following spells:

 Your Spells              Type           Power      Damage    Failure   Level
a - Beastly Appendage     Tmut           100%       N/A       2%          1
b - Wereblood             Tmut           77%        N/A       3%          2
c - Necromutation         Tmut/Necr      40%        N/A       100%        8

Your spell library contained the following spells:

 Spells                   Type           Power      Damage    Failure   Level
 Sublimation of Blood     Necr           85%        N/A       1%          2
 Vampiric Draining        Necr           85%        2d12      2%          3
 Animate Dead             Necr           85%        N/A       4%          4
 Dispel Undead            Necr           85%        3d27      4%          4
 Kiss of Death            Conj/Necr      100%       2d13      9%          1
 Sting                    Tmut/Pois      100%       1d8       13%         1
 Passwall                 Tmut/Erth      46%        N/A       17%         2
 Death Channel            Necr           42%        N/A       24%         6
 Cigotuvi's Dreadful Rot  Necr/Pois/Air  100%       N/A       26%         2
 Spider Form              Tmut/Pois      56%        N/A       28%         3
 Anguish                  Hex/Necr       30%        N/A       41%         4
 Ignite Poison            Fire/Tmut/Pois 46%        N/A       52%         3
 Ice Form                 Ice/Tmut       56%        N/A       58%         4
 Petrify                  Tmut/Erth      56%        N/A       58%         4
 Foxfire                  Conj/Fire      88%        2x1d8     78%         1
 Magic Dart               Conj           88%        1d7       78%         1
 Shock                    Conj/Air       88%        1d8       78%         1
 Summon Small Mammal      Summ           88%        N/A       78%         1
 Irradiate                Conj/Tmut      28%        3d21      87%         5
 Ensorcelled Hibernation  Hex/Ice        44%        N/A       88%         2
 Lesser Beckoning         Tloc           44%        N/A       88%         2
 Momentum Strike          Conj/Tloc      44%        3d9       88%         2
 Scorch                   Fire           44%        2d7       88%         2
 Searing Ray              Conj           44%        2d6       88%         2
 Static Discharge         Conj/Air       44%        2-4/arc   88%         2
 Call Canine Familiar     Summ           22%        N/A       98%         3
 Confusing Touch          Hex            22%        N/A       98%         3
 Dazzling Flash           Conj/Hex       44%        N/A       98%         3
 Gell's Gravitas          Tloc           22%        N/A       98%         3
 Hailstorm                Conj/Ice       22%        3d7       98%         3
 Ozocubu's Armour         Ice            22%        N/A       98%         3
 Stone Arrow              Conj/Erth      44%        3d9       98%         3
 Summon Guardian Golem    Hex/Summ       22%        N/A       98%         3
 Swiftness                Air            22%        N/A       98%         3
 Teleport Other           Tloc           22%        N/A       98%         3
 Simulacrum               Ice/Necr       30%        N/A       99%         6
 Infestation              Necr           42%        N/A       99%         8
 Airstrike                Air            11%        2d(2-18)  100%        4
 Animate Armour           Summ/Erth      44%        N/A       100%        4
 Flame Wave               Conj/Fire      22%        2d8       100%        4
 Fulminant Prism          Conj/Hex       11%        3d8       100%        4
 Iskenderun's Mystic Bla  Conj/Tloc      22%        2d6       100%        4
 Manifold Assault         Tloc           22%        N/A       100%        4
 Olgreb's Toxic Radiance  Pois           22%        N/A       100%        4
 Fireball                 Conj/Fire      11%        3d7       100%        5
 Iskenderun's Battlesphe  Conj           22%        2d8       100%        5
 Lightning Bolt           Conj/Air       11%        1d24      100%        5
 Metabolic Englaciation   Hex/Ice        11%        N/A       100%        5
 Summon Forest            Summ/Tloc      11%        N/A       100%        5
 Conjure Ball Lightning   Conj/Air       11%        3x3d6     100%        6
 Dispersal                Tloc           11%        N/A       100%        6
 Eringya's Noxious Bog    Tmut/Pois      28%        N/A       100%        6
 Starburst                Conj/Fire      11%        6d5       100%        6
 Haunt                    Necr/Summ      30%        N/A       100%        7
 Malign Gateway           Summ/Tloc      11%        N/A       100%        7
 Orb of Destruction       Conj           11%        9d6       100%        7
 Ozocubu's Refrigeration  Ice            11%        4d9       100%        7
 Spellforged Servitor     Conj/Summ      11%        N/A       100%        7
 Summon Hydra             Summ           11%        N/A       100%        7
 Discord                  Hex            11%        N/A       100%        8
 Disjunction              Tloc           11%        N/A       100%        8
 Ignition                 Fire           11%        3d5       100%        8
 Lehudib's Crystal Spear  Conj/Erth      11%        10d4      100%        8
 Summon Horrible Things   Summ           11%        N/A       100%        8
 Fire Storm               Conj/Fire      11%        8d3       100%        9


Dungeon Overview and Level Annotations

Branches:
Dungeon (15/15)            Temple (0/1) D:5            Lair (5/5) D:11
 Shoals (4/4) Lair:3        Snake (4/4) Lair:3        Slime (5/5) Lair:5
    Orc (2/2) D:12            Elf (3/3) Orc:2        Vaults (5/5) D:14
  Crypt (3/3) Vaults:3       Tomb (0/3) Crypt:3      Depths (4/4) D:15
   Hell (visited)             Dis (0/7) Hell            Geh (7/7) Hell
    Coc (4/7) Hell            Tar (7/7) Hell            Zot (5/5) Depths:4
Ossuary (visited)           IceCv (visited)

Altars:
Cheibriados
Dithmenos
Gozag
Hepliaklqana
Kikubaaqudgha
Nemelex Xobeh
Ru
Sif Muna
Trog
Vehumet
Xom
Yredelemnul
Jiyva

Shops:
D:11 *   Orc:2 [=*(   Elf:1 (   Snake:2 *[?[   Snake:3 *   Snake:4 [
Vaults:2 (((   Vaults:3 [   Depths:2 =   Depths:3 =::

Portals:
Hell: Depths:1 Depths:2 Depths:3 Depths:4
Abyss: Depths:1 Depths:3
Pandemonium: Depths:1 Depths:2 Depths:3
Ziggurat: Depths:3

Annotations:
D:11 2 transporters, wormed's ghost, journeyman DsFE
D:14 exclusion: orange crystal statue
D:15 Roxanne
Slime:5 Royal Jelly
Geh:4 9 runed translucent doors


Innate Abilities, Weirdness & Mutations

You have hooves in place of feet.
You can hurl damnation.
You are powered by pain.
You are resistant to unholy torment.
When hurt, damage is shared between your health and your magic reserves.
You regenerate magic rapidly.
When low on magic, you restore magic in place of health.
You are completely covered in razor-sharp scales. (AC +3, Slay +3)
You punish those that try to bend your will. (Will+)
You have a somewhat thin skeletal structure. (Dex +2, Stealth+)
You sometimes lose your temper in combat.
Armour fits poorly on your strangely shaped body.
Your body sometimes deteriorates upon taking damage.
Your flesh is very heat resistant. (rF++)
You are frail. (-10% HP)
Your muscles are strong. (Str +4, Int/Dex -1)
Your spells are a little harder to cast, but a little more powerful.
Your body has grown many eyes which may confuse attackers. (Acc +5)
Your rubbery body absorbs attacks. (AC +1, EV +1)
Your translucent skin reduces your foes' accuracy. (Stealth+)
You have hidden genetic potential.
You have a small jelly attached to you that senses nearby items.
You are vulnerable to cold. (rC-)


Message History

Your hearing returns.
You feel you are being watched by something.
You feel your power leaking away. Something hits you!
* * * LOW HITPOINT WARNING * * *
You feel weakened. Something hits you but does no damage. Something stings you!
* * * LOW HITPOINT WARNING * * *
The dread lich casts a spell.
The dread lich flickers and vanishes!
The Orb Guardian hits you.
* * * LOW HITPOINT WARNING * * *
The Killer Klown blinks!
Something hits you but does no damage. You block something's attack.
Something barely misses you.
You closely miss something. Your kick misses something.
You block the Orb Guardian's attack.
You block the golden dragon's attack. x2
The golden dragon tramples you but does no damage.
The yellow draconian misses you.
As you read the scroll of teleportation, it crumbles to dust.
You feel strangely unstable.
You feel the Orb delaying your translocation!
You block the Orb Guardian's attack. Something hits you but does no damage.
You block something's attack.
Something stings you but does no damage.
The golden dragon barely misses you. The golden dragon claws you!
* * * LOW HITPOINT WARNING * * *
The golden dragon tramples you but does no damage.
The yellow draconian hits you with a +0 flail!
* * * LOW HITPOINT WARNING * * *
The Orb Guardian hits you but does no damage.
You feel better. The Orb Guardian hits you!
* * * LOW HITPOINT WARNING * * *
You feel you are being watched by something.
You feel your power leaking away. You block the golden dragon's attack.
The golden dragon barely misses you.
The golden dragon tramples you but does no damage.
You block the yellow draconian's attack.
The Killer Klown completely misses you. The Orb Guardian hits you!
* * * LOW HITPOINT WARNING * * *
Something hits you!
You die...

....................# #.........
....................# ##.........
....................###..........
#^.................###...########
##.........^...†).##....##
##...........†..^....###
▓▓.....##▓▓▓▓▓▓▓▓▓▓▓#
▓▓..........^..^.▓▓▓▓
▓▓.............X@XD..▓##
▓..^..........ppDd.....##
....^...................# *▓▓▓▓▓▓
.............^..p.......▓*▓^..[..
▓.......................▓▓...pX^.
▓▓......................▓D...§^.^
▓▓..................^.X§.9.pd0..
▓▓......................▓.§......
▓^......^...............▓▓.......


You could see 3 Killer Klowns, a shadow dragon, a tentacled monstrosity, a
golden dragon, a yellow draconian and 2 Orb Guardians.

Vanquished Creatures
  Asmodeus (Geh:7)
  Ereshkigal (Tar:7)
  4 orbs of fire
  5 dread liches
  7 ancient liches
  A juggernaut (Depths:4)
  Sojobo (Vaults:2)
  Parghit (Depths:2)
  3 shard shrikes
  4 caustic shrikes
  2 Killer Klowns (Zot:5)
  14 golden dragons
  Geryon (Hell)
  10 profane servitors
  31 bone dragons
  23 Tzitzimimeh
  15 doom hounds
  6 spectral shard shrikes
  7 Brimstone Fiends
  6 hellephants
  3 electric golems
  3 Ice Fiends
  13 tainted leviathans
  The ghost of Dittersdorf the Peltast, an adept GrFi of Okawaru (Depths:2)
  23 Orb Guardians
  16 tentacled monstrosities
  3 liches
  15 acid blobs
  4 quicksilver dragons
  29 searing wretches
  4 titans
  2 deep elf blademasters (Elf:3)
  11 death cobs
  3 sphinxes
  2 tentacled starspawn (Abyss:2)
  8 ancient champions
  A kraken (Shoals:2)
  8 shadow dragons
  Kirke (Elf:1)
  6 tengu reavers
  13 storm dragons
  Donald (Snake:1)
  7 nagarajas
  14 draconian monks
  2 rockslimes
  5 azure jellies
  4 narguns
  11 frost giants
  A spectral juggernaut (Depths:2)
  2 revenants
  Louise (D:15)
  11 deep elf sorcerers
  3 draconian knights
  14 vault wardens
  A shard shrike simulacrum (Coc:3)
  14 draconian scorchers
  24 fire giants
  3 iron dragons
  6 ghost moths
  9 ghouls
  Aizul (Snake:1)
  4 deep elf elementalists (Elf:3)
  2 spectral caustic shrikes
  25 balrugs
  A curse skull (Crypt:3)
  2 spriggan defenders (Depths:3)
  3 orc warlords
  2 draconian stormcallers
  A caustic shrike zombie (Crypt:1)
  A juggernaut zombie (Depths:2)
  2 draconian shifters (Zot:3)
  4 quicksilver oozes
  21 ironbound preservers
  2 caustic shrike skeletons
  13 very ugly things
  4 war gargoyles
  5 draconian annihilators
  15 reapers
  7 ironbound thunderhulks
  2 juggernaut skeletons
  The ghost of Depoub the Warrior, a journeyman OgIE of Okawaru (Lair:4)
  11 stone giants
  6 deep elf demonologists
  15 green draconians
  28 putrid mouths
  4 vampire knights (Crypt:3)
  8 deep elf annihilators
  11 yellow draconians
  3 spectral titans
  3 lorocyprocas
  17 white draconians
  16 black draconians
  10 elemental wellsprings
  Azrael (Snake:1)
  24 dire elephants
  13 purple draconians
  12 red draconians
  10 eidola
  A wendigo (Coc:1)
  9 deep elf death magi
  10 ettins
  10 fire dragons
  2 blizzard demons
  2 mummy priests (Crypt:3)
  Snorg (D:14)
  9 jiangshi
  An entropy weaver (Vaults:4)
  7 great orbs of eyes
  4 deep elf high priests
  2 crystal guardians
  3 spectral spriggans (Tar:1)
  7 merfolk impalers
  A spectral quicksilver dragon (Tar:3)
  A green death (Depths:1)
  18 yaktaur captains
  5 merfolk javelineers (Shoals:4)
  Fannar (Lair:1)
  4 hydras
  33 vault guards
  2 rakshasas
  3 peacekeepers
  4 hell beasts
  9 salamander tyrants
  8 ice dragons
  2 spriggan skeletons
  7 merfolk avatars
  5 juggernaut simulacra
  4 ogre magi
  3 catoblepae
  12 ironbound frosthearts
  3 death knights
  5 boulder beetles
  5 spriggan air magi
  A radroach (shapeshifter) (Elf:1)
  An alligator snapping turtle (Shoals:4)
  18 centaur warriors
  2 merfolk aquamancers
  4 anacondas
  8 stokers
  3 spectral stone giants
  8 two-headed ogres
  6 deep troll shamans
  2 deep troll earth magi (Depths:4)
  14 naga warriors
  30 dancing weapons
  3 satyrs
  30 hell hogs
  2 orc high priests
  7 tengu warriors
  6 vampire magi
  13 death yaks
  A thrashing horror (Abyss:2)
  8 shock serpents
  7 titan zombies
  A spriggan berserker (Depths:1)
  8 soul eaters
  The ghost of Laraso the Thaumaturge, a novice DjCj of Makhleb (D:7)
  10 naga sharpshooters
  16 deep elf knights
  16 hell knights
  21 shadow wraiths
  11 sun demons
  2 spectral bunyips (Tar:2)
  16 skeletal warriors
  Amaemon (Lair:2)
  An iron troll (Depths:2)
  2 storm dragon skeletons
  A quicksilver dragon simulacrum (Coc:3)
  An anaconda zombie (Hell)
  A wretched star (Abyss:2)
  19 sea snakes
  3 large abominations
  4 salamander mystics
  A death drake (shapeshifter) (D:15)
  A golden dragon zombie (Depths:1)
  5 glowing orange brains
  A spriggan druid (Elf:1)
  4 death drakes
  18 lindwurms
  5 naga ritualists
  50 deep trolls
  2 bog bodies (Crypt:2)
  A spectral anaconda (Tar:5)
  An orange crystal statue (Depths:1)
  A golden dragon skeleton (Depths:1)
  A bunyip skeleton (Crypt:3)
  9 phantasmal warriors
  24 harpies
  20 necromancers
  An anaconda skeleton (Hell)
  12 deep elf archers
  5 orc knights
  5 shining eyes
  A wolf spider (shapeshifter) (D:15)
  A broodmother zombie (Crypt:1)
  8 wizards
  4 mana vipers
  A harpy (shapeshifter) (D:14)
  A spriggan simulacrum (Coc:1)
  32 deep elf pyromancers
  35 deep elf zephyrmancers
  18 ironbound convokers
  2 orc sorcerers (Orc:2)
  40 ugly things
  7 fauns
  A spectral ettin (Tar:6)
  14 manticores
  A jorogumo zombie (Crypt:3)
  9 elephants (Lair:4)
  6 salamanders
  A worldbinder (Abyss:2)
  2 stone giant zombies (Depths:2)
  2 spectral centaurs (Tar:1)
  7 cyclopes
  2 guardian serpents
  28 moths of wrath
  25 black mambas
  86 slime creatures
  17 naga magi
  2 torpor snails (Lair:2)
  An iron dragon skeleton (Crypt:1)
  9 rust devils
  2 molten gargoyles (Lair:5)
  3 ice statues
  15 merfolk sirens
  21 vault sentinels
  Joseph (D:9)
  3 titan simulacra
  A dire elephant zombie (Crypt:1)
  6 water nymphs
  A demonic crawler (Depths:1)
  11 cane toads
  Maggie (D:7)
  2 centaur skeletons
  A smoke demon (Abyss:2)
  6 orange demons
  4 kobold demonologists
  39 yaktaurs
  A swamp worm zombie (Crypt:3)
  A sea snake zombie (Hell)
  5 rime drakes
  2 bunyip simulacra
  A dire elephant skeleton (Hell)
  16 komodo dragons
  8 freezing wraiths
  2 spectral nagas
  An unseen horror skeleton (Crypt:2)
  A green draconian zombie (Crypt:1)
  A komodo dragon (shapeshifter) (Abyss:2)
  16 hellions
  5 unseen horrors (Tar:7)
  An iron giant simulacrum (Coc:3)
  A spark wasp simulacrum (Depths:1)
  2 anaconda simulacra (Coc:1)
  An ice devil (Hell)
  23 tormentors
  2 sea snake skeletons
  3 tengu conjurers (Depths:1)
  A silent spectre (Tar:2)
  A yaktaur skeleton (Vaults:1)
  3 red devils
  3 harpy zombies (Shoals:1)
  5 guardian mummies
  2 spectral harpies (Tar:4)
  A hydra zombie (Hell)
  A merfolk (shapeshifter) (Vaults:5)
  A hellwing (Depths:1)
  3 meliai (D:13)
  A hornet (Depths:3)
  Grinder (D:5)
  A harpy skeleton (Crypt:1)
  29 merfolk
  14 polar bears
  Prince Ribbit (D:9)
  An alligator zombie (Hell)
  2 tarantellas (Vaults:4)
  10 trolls
  7 wind drakes
  A blink frog (shapeshifter) (D:14)
  4 raiju (Abyss:2)
  A sphinx simulacrum (Vaults:1)
  21 blink frogs
  7 snapping turtles
  9 dream sheep
  A spectral black mamba (Tar:1)
  A centaur simulacrum (D:14)
  4 stone giant simulacra
  A spriggan (Depths:3)
  3 shadows
  3 air elementals
  2 iron dragon simulacra
  An ettin skeleton (Hell)
  65 yaks
  4 fire elementals
  7 wyverns
  3 ushabtiu
  11 water elementals
  2 ynoxinuls (Depths:1)
  7 basilisks
  3 vampires
  5 wraiths
  An alligator snapping turtle simulacrum (Coc:3)
  A black mamba skeleton (Crypt:2)
  A slime creature zombie (Crypt:2)
  2 neqoxecs (Abyss:2)
  3 chaos spawn
  A redback (shapeshifter) (Vaults:3)
  12 golden eyes
  3 vampire mosquitoes
  A fire bat zombie (Crypt:2)
  3 acid dragons
  4 wargs
  4 harpy simulacra
  35 nagas
  A naga zombie (Crypt:2)
  3 hydra simulacra
  6 hell hounds
  2 glowing shapeshifter skeletons (Crypt:3)
  5 water moccasins
  A fire bat skeleton (Crypt:3)
  An ice beast (D:5)
  2 swamp drakes
  2 black bears (D:6)
  37 orc warriors
  12 wolves
  A torpor snail zombie (Crypt:1)
  4 ettin simulacra
  6 ogres
  A manticore zombie (Shoals:1)
  9 centaurs
  A hog skeleton (Crypt:3)
  Blork the orc (Orc:2)
  A phantom (D:6)
  15 kobold brigands
  11 earth elementals
  A human zombie (Vaults:1)
  7 bullfrogs
  14 necrophages
  2 gnoll sergeants
  11 scorpions
  A wyvern zombie (D:7)
  A small abomination (Depths:3)
  A water moccasin skeleton (Crypt:3)
  10 wights (D:7)
  A glowing shapeshifter simulacrum (Vaults:1)
  A cyclops skeleton (Crypt:1)
  A swamp dragon simulacrum (Coc:1)
  11 killer bees
  4 howler monkeys
  11 electric eels
  4 lava snakes (Lair:5)
  6 hounds
  4 jellies
  A gnoll bouda (D:5)
  24 orc priests
  2 black bear skeletons
  An iron imp (Abyss:2)
  2 hell rats (Depths:1)
  Ijyb (D:3)
  4 iguanas
  38 orc wizards
  A killer bee zombie (D:7)
  A hound skeleton (Crypt:2)
  20 mummies
  Robin (D:2)
  18 gnolls
  5 adders
  2 river rats (D:11)
  A shadow imp (D:6)
  2 white imps
  4 ufetubi
  2 worms (D:2)
  A dart slug (D:2)
  97 orcs
  A bat zombie (Crypt:3)
  5 endoplasms
  5 giant cockroaches
  14 goblins
  11 hobgoblins
  5 jackals
  17 kobolds
  5 quokkas
  A river rat zombie (Crypt:3)
  5 ball pythons
  6 bats
  3 frilled lizards (D:1)
  A gnoll zombie (Ossuary)
  A hobgoblin zombie (Ossuary)
  4 kobold zombies (Ossuary)
  2 orc zombies (Ossuary)
  5 rats
  3 creeping infernos
  56 fire vortices
  A starspawn tentacle (Abyss:2)
  2 tentacles (Shoals:2)
2926 creatures vanquished.

Vanquished Creatures (collateral kills)
  A vault warden (Vaults:3)
  A deep elf annihilator (Elf:3)
  An ettin (Vaults:3)
  A deep elf death mage (Elf:3)
  A merfolk javelineer (Shoals:4)
  A sea snake (Shoals:1)
  A harpy (Shoals:1)
  A merfolk (Shoals:1)
  An orc (D:12)
9 creatures vanquished.

Vanquished Creatures (others)
  Tiamat (Zot:1)
  A golden dragon (Zot:2)
  A lich (Depths:3)
  An acid blob (Depths:3)
  2 rockslimes (Depths:3)
  A death cob (Zot:1)
  A sphinx (Depths:3)
  A storm dragon (Depths:3)
  2 azure jellies
  2 tengu reavers (Depths:3)
  A frost giant (Depths:3)
  A quicksilver ooze (Depths:3)
  A quicksilver ooze (shapeshifter) (Vaults:5)
  A war gargoyle (Hell)
  A vampire knight (Depths:3)
  A stone giant (Depths:3)
  A great orb of eyes (Depths:3)
  5 tengu warriors (Depths:3)
  A glowing orange brain (Depths:2)
  A flayed ghost (Depths:3)
  3 spriggan simulacra
  A steelbarb worm (shapeshifter) (Vaults:5)
  A deep elf pyromancer (D:14)
  A faun (shapeshifter) (Vaults:5)
  An unseen horror (Depths:3)
  2 tengu conjurers (Depths:3)
  A stone giant simulacrum (Coc:1)
  7 large abominations (Depths:3)
  A human (shapeshifter) (Vaults:5)
  A spriggan (shapeshifter) (Vaults:5)
  2 humans (Elf:1)
  A chaos spawn (Depths:3)
  2 small abominations (Depths:3)
  A swamp drake (Depths:2)
  An ice beast (shapeshifter) (Vaults:5)
  An ettin simulacrum (Coc:4)
  131 jellies
  A jelly (shapeshifter) (Vaults:5)
  2 hell rats (Hell)
  An orc (Orc:2)
  A bush (Lair:2)
  16 creeping infernos
  4 fire vortices
  27 fungi
  77 plants
  7 starspawn tentacles (Abyss:2)
  3 tentacles (Shoals:2)
324 creatures vanquished.

Grand Total: 3259 creatures vanquished

Notes
Turn   | Place    | Note
-------+----------+-------------------------------------------
     0 | D:1      | ASSMAN the Demonspawn Transmuter began the quest for the
                  | Orb.
     0 | D:1      | Reached XP level 1. HP: 15/15 MP: 3/3
   337 | D:1      | Found a faded altar of an unknown god.
   352 | D:1      | Gained mutation: You sometimes gain a little power by
                  | taking damage. [demonic ancestry]
   352 | D:1      | Reached XP level 2. HP: 21/21 MP: 5/5
   990 | D:2      | Gained mutation: You are partially covered in razor-sharp
                  | scales. (AC +1, Slay +1) [demonic ancestry]
   990 | D:2      | Reached XP level 3. HP: 26/26 MP: 6/6
  1282 | D:2      | Noticed Robin
  1291 | D:2      | Killed Robin
  1369 | D:2      | Lost mutation: You have razor-sharp toenails. [demonic
                  | ancestry]
  1369 | D:2      | Lost mutation: You have sharp toenails. [demonic ancestry]
  1369 | D:2      | Gained mutation: You have large cloven feet. [demonic
                  | ancestry]
  1369 | D:2      | Reached XP level 4. HP: 32/32 MP: 5/7
  1532 | D:2      | Reached skill level 5 in Unarmed Combat
  1686 | D:2      | Lost mutation: You have razor-sharp toenails. [demonic
                  | ancestry]
  1686 | D:2      | Lost mutation: You have sharp toenails. [demonic ancestry]
  1686 | D:2      | Gained mutation: You have hoof-like feet. [demonic
                  | ancestry]
  1686 | D:2      | Reached XP level 5. HP: 37/37 MP: 6/8
  2405 | D:3      | Noticed Ijyb
  2412 | D:3      | Killed Ijyb
  2539 | D:3      | Found a shimmering altar of Xom.
  3000 | D:4      | Found an opulent altar of Gozag.
  3134 | D:4      | Gained mutation: You are mostly covered in razor-sharp
                  | scales. (AC +2, Slay +2) [demonic ancestry]
  3134 | D:4      | Reached XP level 6. HP: 38/43 MP: 9/9
  3426 | D:4      | Found a snail-covered altar of Cheibriados.
  3579 | D:5      | Entered Level 5 of the Dungeon
  3596 | D:5      | Noticed an ice beast
  3606 | D:5      | Killed an ice beast
  3612 | D:5      | Found a shimmering blue altar of Sif Muna.
  3768 | D:5      | Found a sand-covered staircase.
  3779 | Ossuary  | Entered an ossuary
  3796 | Ossuary  | Reached XP level 7. HP: 48/48 MP: 10/10
  4087 | Ossuary  | Identified a scroll of acquirement
  4087 | Ossuary  | Acquired 385 gold pieces
  4203 | D:5      | Found a staircase to the Ecumenical Temple.
  4203 | D:5      | Noticed Grinder
  4213 | D:5      | Killed Grinder
  4387 | D:5      | Gained mutation: You sometimes gain power by taking damage.
                  | [demonic ancestry]
  4387 | D:5      | Reached XP level 8. HP: 54/54 MP: 9/11
  5304 | D:6      | Found a hazy altar of Hepliaklqana.
  5304 | D:6      | Found a radiant altar of Vehumet.
  5326 | D:6      | Found a bloodstained altar of Trog.
  5609 | D:6      | Found a shadowy altar of Dithmenos.
  5739 | D:7      | Reached skill level 10 in Unarmed Combat
  5769 | D:7      | Reached XP level 9. HP: 59/59 MP: 12/12
  5796 | D:7      | Reached skill level 5 in Transmutations
  5822 | D:7      | Noticed Maggie
  5844 | D:7      | Found a sacrificial altar of Ru.
  6068 | D:7      | Paralysed by Maggie for 4 turns
  6078 | D:7      | Killed Maggie
  6131 | D:7      | Found a runed translucent gate.
  6132 | D:7      | Found a runed translucent gate.
  6132 | D:7      | Found a runed translucent gate.
  6134 | D:7      | Noticed Laraso's ghost (novice DjCj)
  6136 | D:7      | Noticed a kobold demonologist
  6395 | D:7      | Reached skill level 1 in Polearms
  6399 | D:7      | Found a basalt altar of Yredelemnul.
  6819 | D:8      | Identified the +6 short sword of World's End {flame, Will++
                  | Str+3 Int+2}
  7367 | D:9      | Noticed a troll
  7373 | D:9      | Killed a troll
  7396 | D:8      | Gained mutation: You regenerate magic rapidly. [demonic
                  | ancestry]
  7396 | D:8      | Reached XP level 10. HP: 69/70 MP: 13/13
  7418 | D:9      | Noticed a sixfirhy
  7654 | D:9      | Noticed Joseph
  7687 | D:9      | Killed Joseph
  7945 | D:9      | Reached skill level 5 in Fighting
  8187 | D:9      | Noticed Prince Ribbit
  8194 | D:9      | Killed Prince Ribbit
  8382 | D:9      | Reached skill level 5 in Dodging
  8558 | D:10     | Entered Level 10 of the Dungeon
  8569 | D:10     | Reached skill level 5 in Polearms
  8621 | D:10     | Noticed a smoke demon
  8800 | D:10     | Reached XP level 11. HP: 59/72 MP: 14/14
  9136 | D:10     | Found a sparkling altar of Nemelex Xobeh.
  9302 | D:11     | Noticed a brown ugly thing
  9319 | D:11     | HP: 1/79 [acid (10)]
  9399 | D:11     | Noticed a two-headed ogre
  9418 | D:11     | Killed a two-headed ogre
  9471 | D:11     | Noticed wormed's ghost (journeyman DsFE)
  9480 | D:11     | Found a transporter.
  9517 | D:11     | Found a transporter.
  9560 | D:11     | Found a staircase to the Lair.
  9562 | D:11     | Noticed a death yak
  9562 | D:11     | Noticed a death yak
  9562 | D:11     | Noticed a death yak
  9589 | D:11     | Killed a death yak
  9598 | D:11     | Killed a death yak
  9604 | D:11     | Killed a death yak
  9697 | D:11     | Killed a brown ugly thing
  9909 | D:11     | Found Owkoehy's General Store.
  9914 | D:11     | Noticed a two-headed ogre
  9923 | D:11     | Killed a two-headed ogre
  9940 | D:11     | Bought a scroll of identify for 32 gold pieces
 10074 | Lair:1   | Entered Level 1 of the Lair of Beasts
 10187 | Lair:1   | Noticed Fannar
 10198 | Lair:1   | Killed Fannar
 10282 | Lair:1   | Reached XP level 12. HP: 33/94 MP: 15/15
 11057 | Lair:2   | Noticed Amaemon
 11070 | Lair:2   | Killed Amaemon
 11367 | Lair:2   | Reached skill level 10 in Fighting
 11378 | Lair:2   | Identified the -1 helmet of the Land of Plenty {Harm}
 11405 | Lair:2   | Noticed a catoblepas
 11419 | Lair:2   | Killed a catoblepas
 11647 | Lair:2   | Identified the +8 kite shield "Voal" {rElec rPois rF+
                  | Int-4}
 11827 | Lair:3   | Found a staircase to the Shoals.
 11929 | Lair:3   | Found a shadowy altar of Dithmenos.
 11990 | Lair:3   | Found a staircase to the Snake Pit.
 12006 | Lair:3   | Noticed a catoblepas
 12033 | Lair:3   | Killed a catoblepas
 12793 | Lair:4   | Gained mutation: When hurt, damage is shared between your
                  | health and your magic reserves. [demonic ancestry]
 12793 | Lair:4   | Reached XP level 13. HP: 104/104 MP: 16/16
 12815 | Lair:4   | Found a large runed translucent door.
 12818 | Lair:4   | Found a large runed translucent door.
 12819 | Lair:4   | Noticed Depoub's ghost (journeyman OgIE)
 13114 | Lair:4   | Reached skill level 10 in Dodging
 13338 | Lair:4   | Reached skill level 10 in Polearms
 13666 | Lair:5   | Entered Level 5 of the Lair of Beasts
 14545 | Lair:5   | Noticed a fire dragon
 14545 | Lair:5   | Found a large runed translucent door.
 14670 | Lair:5   | Found a runed translucent door.
 14672 | Lair:5   | Found a staircase to the Slime Pits.
 14959 | Lair:5   | Found a large runed translucent door.
 14970 | Lair:5   | Reached XP level 14. HP: 109/115 MP: 17/17
 15118 | Lair:5   | Got the Compendium of Shades and Hyperthermia
 15268 | Slime:1  | Entered Level 1 of the Pits of Slime
 15271 | Slime:1  | Paralysed by a great orb of eyes for 5 turns
 15277 | Slime:1  | Noticed an azure jelly
 16301 | D:12     | Found a staircase to the Orcish Mines.
 16497 | D:12     | Identified the +6 short sword "Dazyic" {venom, +Blink
                  | Str+4}
 16785 | D:13     | Found a frozen archway.
 16794 | IceCv    | Entered an ice cave
 16827 | IceCv    | Learned a level 2 spell: Wereblood
 17218 | IceCv    | Reached skill level 1 in Armour
 17281 | IceCv    | Noticed a frost giant
 17293 | IceCv    | Reached skill level 2 in Armour
 17299 | IceCv    | Killed a frost giant
 17319 | IceCv    | Found the +2 Maxwell's thermic engine {flame, freeze}
 18217 | Orc:1    | Entered Level 1 of the Orcish Mines
 18217 | Orc:1    | Noticed an orc warlord
 18225 | Orc:1    | Reached skill level 3 in Armour
 18242 | D:12     | Killed an orc warlord
 18638 | Orc:2    | Entered Level 2 of the Orcish Mines
 18901 | Orc:2    | Reached skill level 4 in Armour
 18991 | Orc:2    | Found a staircase to the Elven Halls.
 18998 | Orc:2    | Noticed Blork the orc
 19191 | Orc:2    | Killed Blork the orc
 19295 | Orc:2    | Noticed an orc warlord
 19372 | Orc:1    | Killed an orc warlord
 19448 | Orc:2    | Reached skill level 5 in Armour
 19604 | Orc:2    | Found Ririjan's Antique Armour Emporium.
 19612 | Orc:2    | Bought the +3 pair of seven-league boots {Rampage+∞} for
                  | 1080 gold pieces
 19612 | Orc:2    | Bought a glowing hat for 189 gold pieces
 19612 | Orc:2    | Bought a pair of runed gloves for 202 gold pieces
 19612 | Orc:2    | Found the +3 pair of seven-league boots {Rampage+∞}
 19655 | Orc:2    | Found Ziopp's Jewellery Emporium.
 19668 | Orc:2    | Bought the ring "Gogazaefey" {rF+ rC+ rN+ Str+4} for 722
                  | gold pieces
 19766 | Orc:2    | Found Alu Ampakh's General Store.
 19781 | Orc:2    | Found Xayczock's Antique Weapon Emporium.
 20016 | D:13     | Gained mutation: You have hooves in place of feet. [demonic
                  | ancestry]
 20016 | D:13     | Reached XP level 15. HP: 125/125 MP: 13/18
 20051 | D:13     | Reached skill level 1 in Shields
 21747 | D:14     | Noticed Snorg
 21755 | D:14     | Killed Snorg
 22048 | D:14     | Found a gate to the Vaults.
 22394 | D:15     | Entered Level 15 of the Dungeon
 22409 | D:15     | Reached skill level 5 in Shields
 22464 | D:15     | Identified Roxanne's Codex of the Shapeshifter
 22464 | D:15     | Noticed Roxanne
 22529 | D:15     | Noticed Louise
 22544 | D:15     | Reached skill level 6 in Armour
 22594 | D:15     | Killed Louise
 23302 | D:15     | Found a staircase to the Depths.
 23587 | D:7      | Killed Laraso's ghost
 23588 | D:7      | Reached skill level 5 in Spellcasting
 23858 | Lair:4   | Killed Depoub's ghost
 23859 | Lair:4   | Reached skill level 7 in Armour
 23914 | Snake:1  | Entered Level 1 of the Snake Pit
 23950 | Snake:1  | Reached XP level 16. HP: 130/133 MP: 15/23
 24203 | Snake:1  | Noticed Aizul
 24224 | Snake:1  | Killed Aizul
 24230 | Snake:1  | Identified the +5 shortbow of the Rattlesnake {heavy, rElec
                  | rPois}
 24271 | Snake:1  | Noticed Azrael
 24274 | Snake:1  | Noticed Donald
 24283 | Snake:1  | Killed Azrael
 24711 | Snake:1  | Killed Donald
 24788 | Snake:1  | Reached skill level 8 in Armour
 25941 | Snake:2  | Found Bururegyk's Assorted Antiques.
 25943 | Snake:2  | Found Agousuexo's Armour Boutique.
 25943 | Snake:2  | Found Odugad's Antique Armour Emporium.
 25950 | Snake:2  | Found Asitito's Magic Scroll Shop.
 25958 | Snake:2  | Bought a scroll of acquirement for 832 gold pieces
 25958 | Snake:2  | Acquired a manual of Spellcasting
 25980 | Snake:2  | Bought a translucent ring mail for 288 gold pieces
 25980 | Snake:2  | Identified the +1 ring mail of Tiukoquc {Str+3 Int-2} (You
                  | bought it in a shop on level 2 of the Snake Pit)
 26080 | Snake:3  | Identified the +0 scale mail of Rocozurr {rElec rPois Int-3
                  | Stlth+}
 26350 | Snake:3  | Reached skill level 10 in Spellcasting
 26713 | Snake:3  | Found Muffelal's Assorted Antiques.
 27262 | Shoals:1 | Entered Level 1 of the Shoals
 27272 | Abyss:2  | Cast into level 2 of the Abyss (merfolk)
 27316 | Abyss:2  | Noticed a tentacled starspawn
 27349 | Abyss:2  | Killed a tentacled starspawn
 27511 | Abyss:2  | Gained mutation: Your spells are a little easier to cast,
                  | but a little less powerful. [a neqoxec]
 27520 | Abyss:2  | Noticed a tentacled starspawn
 27533 | Abyss:2  | Killed a tentacled starspawn
 27534 | Abyss:2  | Gained mutation: You punish those that try to bend your
                  | will. (Will+) [demonic ancestry]
 27534 | Abyss:2  | Reached XP level 17. HP: 139/139 MP: 13/34
 27617 | Shoals:1 | Escaped the Abyss
 27809 | Shoals:1 | Identified the +1 trident of the Sun {holy, rCorr SInv}
 28081 | Shoals:1 | Reached skill level 9 in Armour
 28254 | Shoals:1 | Identified the +5 halberd of Bodily Humours {drain, rF+
                  | Int+4 Dex+3}
 29285 | Shoals:2 | Noticed a kraken
 29306 | Shoals:2 | Killed a kraken
 30357 | Snake:4  | Entered Level 4 of the Snake Pit
 30576 | Snake:4  | Reached skill level 10 in Armour
 30949 | Snake:4  | Found Agicul's Armour Shoppe.
 31048 | Snake:4  | Reached skill level 15 in Fighting
 31059 | Snake:4  | Reached XP level 18. HP: 141/149 MP: 19/36
 31292 | Snake:4  | Got a serpentine rune of Zot
 31700 | Shoals:4 | Entered Level 4 of the Shoals
 32245 | Shoals:4 | Reached skill level 10 in Shields
 33085 | Shoals:4 | Reached skill level 11 in Armour
 33164 | Shoals:4 | Got a barnacled rune of Zot
 33547 | Elf:1    | Entered Level 1 of the Elven Halls
 33759 | Elf:1    | Noticed Kirke
 33803 | Elf:1    | Killed Kirke
 33946 | Elf:1    | Found Zyshrufus's Weapon Emporium.
 35037 | Elf:2    | Found a runed translucent gate.
 35037 | Elf:2    | Found a runed translucent gate.
 35038 | Elf:2    | Found a runed translucent gate.
 35250 | Elf:2    | Acquired 1228 gold pieces
 35799 | Elf:2    | Reached XP level 19. HP: 157/157 MP: 33/37
 36403 | Elf:2    | Reached skill level 15 in Dodging
 36801 | Elf:2    | Reached skill level 12 in Armour
 36990 | Elf:3    | Entered Level 3 of the Elven Halls
 38191 | Vaults:1 | Entered Level 1 of the Vaults
 38725 | Vaults:1 | Identified the +6 arbalest "Killer Bee's Curse" {antimagic,
                  | Str+3 SInv}
 39647 | Vaults:2 | Noticed Sojobo
 39652 | Vaults:2 | Paralysed by an air elemental for 1 turns
 39660 | Vaults:2 | Paralysed by an air elemental for 1 turns
 39665 | Vaults:2 | Killed Sojobo
 40134 | Vaults:2 | Reached skill level 13 in Armour
 40141 | Vaults:2 | Gained mutation: You are powered by pain. [demonic
                  | ancestry]
 40141 | Vaults:2 | Reached XP level 20. HP: 137/168 MP: 31/38
 40481 | Vaults:2 | Found a portal to a secret trove of treasure.
 41207 | Vaults:2 | Found Ugiguw's Antique Weapon Shop.
 41625 | Vaults:2 | Found Zeqoa's Weapon Shop.
 41631 | Vaults:2 | Identified the +2 scale mail of Xili {rF+ Dex+5}
 41667 | Vaults:2 | Found Fennar's Weapon Shop.
 41875 | Vaults:3 | Paralysed by a great orb of eyes for 4 turns
 42360 | Vaults:3 | Found Keas's Antique Armour Boutique.
 42435 | Vaults:3 | You fall into a shaft and drop 1 floor!
 43234 | Vaults:4 | Reached skill level 14 in Armour
 43958 | Vaults:4 | Gained mutation: You are completely covered in razor-sharp
                  | scales. (AC +3, Slay +3) [demonic ancestry]
 43958 | Vaults:4 | Reached XP level 21. HP: 177/177 MP: 32/39
 44296 | Vaults:3 | HP: 6/177 [something (4)]
 45443 | Vaults:3 | Found a staircase to the Crypt.
 45948 | Crypt:1  | Entered Level 1 of the Crypt
 46710 | Crypt:1  | Reached skill level 15 in Armour
 46830 | Crypt:1  | Found a runed translucent door.
 46831 | Crypt:1  | Noticed an ancient lich
 47106 | Crypt:1  | Killed an ancient lich
 48029 | Crypt:3  | Entered Level 3 of the Crypt
 48119 | Crypt:3  | Reached XP level 22. HP: 153/188 MP: 21/40
 48247 | Crypt:3  | Reached skill level 15 in Shields
 49136 | Crypt:3  | Found a staircase to the Tomb.
 49336 | Crypt:3  | Identified the ring "Fausm" {Will+ rCorr Int+4 SInv}
 49589 | D:11     | Bought a +3 scale mail of positive energy for 368 gold
                  | pieces
 49965 | Crypt:3  | Found an ancient bone altar of Kikubaaqudgha.
 49969 | Crypt:3  | Identified the amulet "Pesoth" {Harm rF+ rC- rN+ Regen+}
 49969 | Crypt:3  | Identified the ring of Birdsong {rN+ Int+2}
 49983 | Crypt:3  | Identified the ring of the Equinox {rElec rN+ Str+9 Int-3}
 49993 | Crypt:3  | Found a basalt altar of Yredelemnul.
 50045 | Crypt:3  | Got the Directory of Shades
 50047 | Crypt:3  | Identified the +9 sling of the Hated {freeze, +Blink Int+4}
 50060 | Crypt:3  | Learned a level 8 spell: Necromutation
 50103 | Crypt:3  | Got the Elucidation of Shades
 50105 | Crypt:3  | Identified the amulet "Putrox" {RegenMP Dex+3}
 50781 | Slime:1  | Reached skill level 1 in Necromancy
 51401 | Slime:2  | Gained mutation: You are dopey. (Int -2) [a shining eye]
 51985 | Slime:3  | Reached skill level 16 in Armour
 52602 | Slime:5  | Entered Level 5 of the Pits of Slime
 52908 | Slime:5  | Gained mutation: You occasionally lose the ability to drink
                  | potions when taking damage. [a shining eye]
 52952 | Slime:5  | Noticed the Royal Jelly
 52958 | Slime:5  | Found a viscous altar of Jiyva.
 53071 | Slime:5  | Reached skill level 5 in Necromancy
 53146 | Slime:5  | Became a worshipper of Jiyva Juill the Shapeless
 53147 | Slime:5  | Lost mutation: You occasionally lose the ability to drink
                  | potions when taking damage. [potion of mutation]
 53147 | Slime:5  | Lost mutation: You are dopey. (Int -2) [potion of mutation]
 53147 | Slime:5  | Lost mutation: Your spells are a little easier to cast, but
                  | a little less powerful. [potion of mutation]
 53147 | Slime:5  | Gained mutation: Your magical capacity is low. (-10% MP)
                  | [potion of mutation]
 53147 | Slime:5  | Gained mutation: You occasionally shout uncontrollably at
                  | your foes. [potion of mutation]
 53148 | Slime:5  | Lost mutation: You occasionally shout uncontrollably at
                  | your foes. [potion of mutation]
 53148 | Slime:5  | Lost mutation: Your magical capacity is low. (-10% MP)
                  | [potion of mutation]
 53148 | Slime:5  | Gained mutation: You possess an exceptional clarity of
                  | mind. [potion of mutation]
 53148 | Slime:5  | Gained mutation: You are weak. (Str -2) [potion of
                  | mutation]
 53148 | Slime:5  | Gained mutation: You have hidden genetic potential. [potion
                  | of mutation]
 53148 | Slime:5  | Gained mutation: You are agile. (Dex +4, Str/Int -1)
                  | [potion of mutation]
 53149 | Slime:5  | Lost mutation: You have hidden genetic potential. [potion
                  | of mutation]
 53149 | Slime:5  | Lost mutation: You possess an exceptional clarity of mind.
                  | [potion of mutation]
 53149 | Slime:5  | Lost mutation: You are weak. (Str -2) [potion of mutation]
 53149 | Slime:5  | Gained mutation: You are occasionally teleported next to
                  | monsters. [potion of mutation]
 53150 | Slime:5  | Lost mutation: You are occasionally teleported next to
                  | monsters. [potion of mutation]
 53150 | Slime:5  | Lost mutation: You are agile. (Dex +4, Str/Int -1) [potion
                  | of mutation]
 53150 | Slime:5  | Gained mutation: Your spells are a little harder to cast,
                  | but a little more powerful. [potion of mutation]
 53150 | Slime:5  | Gained mutation: Your body sometimes deteriorates upon
                  | taking damage. [potion of mutation]
 53150 | Slime:5  | Gained mutation: Your mind is acute. (Int +4, Str/Dex -1)
                  | [potion of mutation]
 53151 | Slime:5  | Lost mutation: Your mind is acute. (Int +4, Str/Dex -1)
                  | [potion of mutation]
 53151 | Slime:5  | Lost mutation: Your body sometimes deteriorates upon taking
                  | damage. [potion of mutation]
 53151 | Slime:5  | Lost mutation: Your spells are a little harder to cast, but
                  | a little more powerful. [potion of mutation]
 53151 | Slime:5  | Gained mutation: You have a somewhat thin skeletal
                  | structure. (Dex +2, Stealth+) [potion of mutation]
 53151 | Slime:5  | Gained mutation: Your movements are slightly less
                  | encumbered by armour. (ER -2) [potion of mutation]
 53152 | Slime:5  | Lost mutation: You have a somewhat thin skeletal structure.
                  | (Dex +2, Stealth+) [potion of mutation]
 53152 | Slime:5  | Lost mutation: Your movements are slightly less encumbered
                  | by armour. (ER -2) [potion of mutation]
 53152 | Slime:5  | Gained mutation: You occasionally lose the ability to drink
                  | potions when taking damage. [potion of mutation]
 53153 | Slime:5  | Lost mutation: You occasionally lose the ability to drink
                  | potions when taking damage. [potion of mutation]
 53153 | Slime:5  | Gained mutation: You passively map a small area around you.
                  | [potion of mutation]
 53154 | Slime:5  | Lost mutation: You passively map a small area around you.
                  | [potion of mutation]
 53154 | Slime:5  | Gained mutation: You passively map a small area around you.
                  | [potion of mutation]
 53154 | Slime:5  | Gained mutation: You have a pair of small horns on your
                  | head. [potion of mutation]
 53155 | Slime:5  | Lost mutation: You passively map a small area around you.
                  | [potion of mutation]
 53155 | Slime:5  | Lost mutation: You have a pair of small horns on your head.
                  | [potion of mutation]
 53155 | Slime:5  | Gained mutation: Your mind is acute. (Int +4, Str/Dex -1)
                  | [potion of mutation]
 53155 | Slime:5  | Gained mutation: You passively map a small area around you.
                  | [potion of mutation]
 53155 | Slime:5  | Gained mutation: Your system is resistant to poisons.
                  | (rPois) [potion of mutation]
 53155 | Slime:5  | Gained mutation: You are robust. (+10% HP) [potion of
                  | mutation]
 53156 | Slime:5  | Lost mutation: Your mind is acute. (Int +4, Str/Dex -1)
                  | [potion of mutation]
 53156 | Slime:5  | Lost mutation: You are robust. (+10% HP) [potion of
                  | mutation]
 53156 | Slime:5  | Gained mutation: Potions are less effective at restoring
                  | your health. [potion of mutation]
 53156 | Slime:5  | Gained mutation: You possess an exceptional clarity of
                  | mind. [potion of mutation]
 53157 | Slime:5  | Lost mutation: Your system is resistant to poisons. (rPois)
                  | [potion of mutation]
 53157 | Slime:5  | Lost mutation: You passively map a small area around you.
                  | [potion of mutation]
 53157 | Slime:5  | Lost mutation: You possess an exceptional clarity of mind.
                  | [potion of mutation]
 53157 | Slime:5  | Gained mutation: You expend magic power (3 MP) to
                  | strengthen your wands. [potion of mutation]
 53157 | Slime:5  | Gained mutation: You possess an exceptional clarity of
                  | mind. [potion of mutation]
 53157 | Slime:5  | Gained mutation: Your flesh is cold resistant. (rC+)
                  | [potion of mutation]
 53158 | Slime:5  | Lost mutation: Potions are less effective at restoring your
                  | health. [potion of mutation]
 53158 | Slime:5  | Lost mutation: You possess an exceptional clarity of mind.
                  | [potion of mutation]
 53158 | Slime:5  | Gained mutation: Your spells are a little harder to cast,
                  | but a little more powerful. [potion of mutation]
 53159 | Slime:5  | Lost mutation: Your spells are a little harder to cast, but
                  | a little more powerful. [potion of mutation]
 53159 | Slime:5  | Lost mutation: You expend magic power (3 MP) to strengthen
                  | your wands. [potion of mutation]
 53159 | Slime:5  | Gained mutation: You are strong-willed. (Will+) [potion of
                  | mutation]
 53160 | Slime:5  | Lost mutation: Your flesh is cold resistant. (rC+) [potion
                  | of mutation]
 53160 | Slime:5  | Lost mutation: You are strong-willed. (Will+) [potion of
                  | mutation]
 53160 | Slime:5  | Gained mutation: You are resistant to electric shocks.
                  | (rElec) [potion of mutation]
 53160 | Slime:5  | Gained mutation: Your magical capacity is low. (-10% MP)
                  | [potion of mutation]
 53160 | Slime:5  | Gained mutation: You have a pair of small horns on your
                  | head. [potion of mutation]
 53720 | Depths:1 | Entered Level 1 of the Depths
 53840 | Depths:1 | Found a one-way gate to the infinite horrors of the Abyss.
 54182 | Depths:1 | Found a gateway to Hell.
 54383 | Depths:1 | Reached * piety under Jiyva
 54706 | Depths:1 | Found a one-way gate leading to the halls of Pandemonium.
 54930 | Depths:2 | Found Uzeug's Jewellery Shoppe.
 54935 | Depths:2 | Noticed a caustic shrike
 54949 | Depths:2 | Killed a caustic shrike
 54950 | Depths:2 | Reached XP level 23. HP: 173/196 MP: 26/37
 55074 | Depths:2 | Found a runed translucent door.
 55095 | Depths:2 | Reached ** piety under Jiyva
 55688 | Hell     | Entered the Vestibule of Hell
 55688 | Hell     | Noticed Geryon
 56383 | Depths:2 | Noticed Dittersdorf's ghost (adept GrFi)
 56385 | Depths:2 | Found an ancient bone altar of Kikubaaqudgha.
 56558 | Depths:2 | Killed Dittersdorf's ghost
 57106 | Depths:2 | Reached skill level 10 in Transmutations
 57122 | Depths:2 | Reached *** piety under Jiyva
 57353 | Depths:2 | Got Sif Muna's Grimoire of Vehement Fire
 57356 | Depths:2 | Identified the amulet "Veodghafed" {Acrobat Harm *Slow
                  | Str+2 Dex+4 SInv}
 57363 | Depths:2 | Got Vutyush's Directory of Cold Energy
 57364 | Depths:2 | Identified the amulet "Wafawan" {Reflect Rampage Dex+2
                  | Slay-3 SH+5}
 57503 | Depths:3 | Noticed Parghit
 57516 | Depths:3 | Reached skill level 10 in Necromancy
 57838 | Depths:3 | Found Viliocwa's Jewellery Shop.
 57838 | Depths:3 | Found Sokoec's Book Emporium.
 57839 | Depths:3 | Found Hethyil's Book Emporium.
 57966 | Depths:3 | Lost mutation: You have a pair of small horns on your head.
                  | [Jiyva's grace]
 57966 | Depths:3 | Lost mutation: Your magical capacity is low. (-10% MP)
                  | [Jiyva's grace]
 57966 | Depths:3 | Lost mutation: You are resistant to electric shocks.
                  | (rElec) [Jiyva's grace]
 57966 | Depths:3 | Gained mutation: You have a small jelly attached to you
                  | that senses nearby items. [Jiyva's grace]
 57966 | Depths:3 | Gained mutation: You are partially covered in large bone
                  | plates. (SH +4) [Jiyva's grace]
 57966 | Depths:3 | Gained mutation: You are mostly covered in large bone
                  | plates. (SH +6) [Jiyva's grace]
 57966 | Depths:3 | Gained mutation: You are completely covered in large bone
                  | plates. (SH +8) [Jiyva's grace]
 57990 | Depths:3 | Identified the ring "Uxke" {Fly rF+ Will- Stlth+}
 58001 | Depths:3 | Found a one-way gateway to a ziggurat.
 58071 | Depths:2 | Killed Parghit
 58378 | Depths:4 | Entered Level 4 of the Depths
 58381 | Depths:4 | Noticed a juggernaut
 58399 | Depths:4 | Killed a juggernaut
 58453 | Depths:4 | Reached **** piety under Jiyva
 58509 | Depths:4 | Noticed a caustic shrike
 58509 | Depths:4 | Noticed a caustic shrike
 58514 | Depths:4 | Noticed a caustic shrike
 58519 | Depths:4 | Killed a caustic shrike
 58524 | Depths:4 | Killed a caustic shrike
 58529 | Depths:4 | Killed a caustic shrike
 58842 | Depths:4 | Found a gate to the Realm of Zot.
 59318 | Vaults:5 | Entered Level 5 of the Vaults
 59705 | Vaults:5 | Noticed a dread lich
 59767 | Vaults:4 | Killed a dread lich
 59781 | Vaults:5 | Noticed a dread lich
 59793 | Vaults:4 | Reached XP level 24. HP: 205/205 MP: 36/41
 59798 | Vaults:4 | Reached skill level 17 in Armour
 59840 | Vaults:4 | Killed a dread lich
 60343 | Vaults:2 | You paid a toll of +4 shadow dragon scales to enter a
                  | treasure trove
 60344 | Trove    | Entered a treasure trove
 60355 | Trove    | Identified the ring of Ignis, Enchanting {Wiz rPois Str-3
                  | Int+3}
 60675 | Vaults:5 | Lost mutation: You are completely covered in large bone
                  | plates. (SH +8) [Jiyva's grace]
 60675 | Vaults:5 | Gained mutation: You have supernaturally acute eyesight.
                  | (SInv) [Jiyva's grace]
 60675 | Vaults:5 | Gained mutation: You have a somewhat thin skeletal
                  | structure. (Dex +2, Stealth+) [Jiyva's grace]
 60675 | Vaults:5 | Gained mutation: You have a moderately thin skeletal
                  | structure. (Dex +4, Stealth++) [Jiyva's grace]
 60675 | Vaults:5 | Gained mutation: You have an unnaturally thin skeletal
                  | structure. (Dex +6, Stealth+++) [Jiyva's grace]
 60965 | Vaults:5 | Got a silver rune of Zot
 60969 | Vaults:5 | Identified the +4 rapier "Dragonslayer" {freeze, Fly}
 61056 | Vaults:5 | Reached ***** piety under Jiyva
 61407 | Vaults:5 | Got Niumy's Spellbook of the Conjured Commander
 61695 | Zot:1    | Entered Level 1 of the Realm of Zot
 61817 | Zot:1    | Reached skill level 18 in Armour
 61929 | Zot:1    | Found the +4 dragonskin cloak
 61929 | Zot:1    | Noticed Tiamat
 62169 | Zot:1    | Noticed a dread lich
 62177 | Zot:1    | Killed a dread lich
 62201 | Zot:1    | Noticed a dread lich
 62212 | Zot:1    | Killed a dread lich
 62257 | Zot:1    | Killed Tiamat
 62877 | Zot:1    | Gained mutation: You are resistant to unholy torment.
                  | [demonic ancestry]
 62877 | Zot:1    | Reached XP level 25. HP: 214/214 MP: 38/41
 63530 | Zot:2    | Reached skill level 19 in Armour
 63704 | Zot:2    | Lost mutation: You are mostly covered in large bone plates.
                  | (SH +6) [Jiyva's grace]
 63704 | Zot:2    | Lost mutation: You have an unnaturally thin skeletal
                  | structure. (Dex +6, Stealth+++) [Jiyva's grace]
 63704 | Zot:2    | Gained mutation: You expend magic power (3 MP) to
                  | strengthen your wands. [Jiyva's grace]
 63704 | Zot:2    | Gained mutation: You are agile. (Dex +4, Str/Int -1)
                  | [Jiyva's grace]
 63704 | Zot:2    | Gained mutation: You are very agile. (Dex +8, Str/Int -2)
                  | [Jiyva's grace]
 63704 | Zot:2    | Gained mutation: Your rubbery body absorbs attacks. (AC +1,
                  | EV +1) [Jiyva's grace]
 63804 | Zot:2    | Identified the +5 spear of Eklekhli {venom, rC+ Str+2
                  | Int+2}
 63859 | Zot:3    | Reached ****** piety under Jiyva
 65092 | Zot:4    | Reached skill level 20 in Armour
 66165 | Zot:5    | Entered Level 5 of the Realm of Zot
 66274 | Zot:5    | Gained mutation: You can hurl damnation. [demonic ancestry]
 66274 | Zot:5    | Reached XP level 26. HP: 204/224 MP: 34/41
 66297 | Zot:5    | Noticed an orb of fire
 66309 | Zot:5    | Gained mutation: Your magical capacity is low. (-10% MP)
                  | [an orb of fire]
 66390 | Zot:4    | Lost mutation: You are partially covered in large bone
                  | plates. (SH +4) [an orb of fire]
 66398 | Zot:4    | Killed an orb of fire
 66422 | Zot:5    | Noticed an orb of fire
 66437 | Zot:5    | Gained mutation: Your muscles are strong. (Str +4, Int/Dex
                  | -1) [an orb of fire]
 66440 | Zot:5    | Gained mutation: You are dopey. (Int -2) [an orb of fire]
 66441 | Zot:5    | Noticed an ancient lich
 66443 | Zot:5    | Killed an orb of fire
 66450 | Zot:5    | Killed an ancient lich
 66679 | Zot:5    | Noticed an ancient lich
 66691 | Zot:5    | Killed an ancient lich
 67347 | Slime:5  | Got Sif Muna's Atlas of Conflict and Therianthropy
 67359 | Slime:5  | Identified the +4 broad axe of the Building Gods {protect,
                  | Fly rCorr Str+3}
 67360 | Slime:5  | Identified the +1 chain mail of Negation {-Tele rN++}
 67382 | Slime:5  | Got a slimy rune of Zot
 67407 | Slime:5  | Identified the +3 hand axe of the Fox {antimagic, Dex+3}
 67912 | Elf:3    | Lost mutation: You are very agile. (Dex +8, Str/Int -2)
                  | [Jiyva's grace]
 67912 | Elf:3    | Lost mutation: You are agile. (Dex +4, Str/Int -1) [Jiyva's
                  | grace]
 67912 | Elf:3    | Lost mutation: You are dopey. (Int -2) [Jiyva's grace]
 67912 | Elf:3    | Gained mutation: Your spells are a little harder to cast,
                  | but a little more powerful. [Jiyva's grace]
 67912 | Elf:3    | Gained mutation: Your spells are harder to cast, but more
                  | powerful. [Jiyva's grace]
 67912 | Elf:3    | Gained mutation: Your spells are much harder to cast, but
                  | much more powerful. [Jiyva's grace]
 67912 | Elf:3    | Gained mutation: Your muscles are very strong. (Str +8,
                  | Int/Dex -2) [Jiyva's grace]
 68084 | Elf:3    | Identified the ring "Ewiby" {rPois rF+ rN+}
 68243 | Elf:3    | Reached skill level 21 in Armour
 68389 | Elf:3    | Identified the +0 scale mail of Guoshyew {rElec rF+++ Int+2
                  | Dex-4}
 68416 | Elf:3    | Identified the +9 bardiche of Wunkeoju {flame, rCorr}
 68423 | Elf:3    | Got Pisan's Information on the Spider
 68424 | Elf:3    | Identified the +2 quarterstaff "Liosano" {freeze, Str+2
                  | SInv}
 68458 | Elf:3    | Got the Secrets of Love and Death
 69677 | Hell     | Reached skill level 22 in Armour
 69863 | Hell     | Killed Geryon
 69955 | Hell     | Found a gateway to the Iron City of Dis.
 70073 | Hell     | Found a gateway to the freezing wastes of Cocytus.
 70124 | Hell     | Found a gateway to the decaying netherworld of Tartarus.
 70180 | Hell     | Found a gateway to the ashen valley of Gehenna.
 70274 | Tar:1    | Entered Level 1 of Tartarus
 70388 | Tar:1    | Gained mutation: When low on magic, you restore magic in
                  | place of health. [demonic ancestry]
 70388 | Tar:1    | Reached XP level 27. HP: 162/218 MP: 27/37
 71425 | Tar:3    | Reached skill level 15 in Necromancy
 71551 | Tar:4    | Reached skill level 23 in Armour
 71684 | Tar:4    | Lost mutation: You have a moderately thin skeletal
                  | structure. (Dex +4, Stealth++) [Jiyva's grace]
 71684 | Tar:4    | Lost mutation: Your magical capacity is low. (-10% MP)
                  | [Jiyva's grace]
 71684 | Tar:4    | Lost mutation: Your spells are much harder to cast, but
                  | much more powerful. [Jiyva's grace]
 71684 | Tar:4    | Lost mutation: Your spells are harder to cast, but more
                  | powerful. [Jiyva's grace]
 71684 | Tar:4    | Lost mutation: You have a small jelly attached to you that
                  | senses nearby items. [Jiyva's grace]
 71684 | Tar:4    | Gained mutation: Your body has grown eyes which may confuse
                  | attackers. (Acc +3) [Jiyva's grace]
 71684 | Tar:4    | Gained mutation: Your body has grown many eyes which may
                  | confuse attackers. (Acc +5) [Jiyva's grace]
 71684 | Tar:4    | Gained mutation: Your body is covered in eyes which may
                  | confuse attackers. (Acc +7, SInv) [Jiyva's grace]
 71684 | Tar:4    | Gained mutation: Your system is resistant to poisons.
                  | (rPois) [Jiyva's grace]
 72076 | Tar:5    | Found a huge runed gate.
 72076 | Tar:5    | Found a huge runed gate.
 72076 | Tar:5    | Found a huge runed gate.
 72077 | Tar:5    | Found a huge runed gate.
 72078 | Tar:5    | Found a huge runed gate.
 72078 | Tar:5    | Found a huge runed gate.
 72079 | Tar:5    | Found a huge runed gate.
 72079 | Tar:5    | Found a huge runed gate.
 72079 | Tar:5    | Found a huge runed gate.
 72079 | Tar:5    | Found a huge runed gate.
 72080 | Tar:5    | Found a huge runed gate.
 72081 | Tar:5    | Found a huge runed gate.
 72082 | Tar:5    | Found a huge runed gate.
 72104 | Tar:5    | Found a huge runed gate.
 72126 | Tar:5    | Found a huge runed gate.
 72126 | Tar:5    | Found a huge runed gate.
 72126 | Tar:5    | Found a huge runed gate.
 72126 | Tar:5    | Found a huge runed gate.
 72127 | Tar:5    | Found a huge runed gate.
 72128 | Tar:5    | Found a huge runed gate.
 72129 | Tar:5    | Found a huge runed gate.
 72130 | Tar:5    | Found a huge runed gate.
 72131 | Tar:5    | Found a huge runed gate.
 72170 | Tar:5    | Found a huge runed gate.
 72170 | Tar:5    | Found a huge runed gate.
 72170 | Tar:5    | Found a huge runed gate.
 72170 | Tar:5    | Found a huge runed gate.
 72170 | Tar:5    | Found a huge runed gate.
 72170 | Tar:5    | Found a huge runed gate.
 72171 | Tar:5    | Found a huge runed gate.
 72172 | Tar:5    | Found a huge runed gate.
 72173 | Tar:5    | Found a huge runed gate.
 72181 | Tar:5    | Found a huge runed gate.
 72181 | Tar:5    | Found a huge runed gate.
 72181 | Tar:5    | Found a huge runed gate.
 72181 | Tar:5    | Found a huge runed gate.
 72276 | Tar:5    | Noticed an ancient lich
 72277 | Tar:5    | Noticed an ancient lich
 72377 | Tar:5    | Killed an ancient lich
 72411 | Tar:5    | HP: 11/233 [hellion/damnation (19)]
 72417 | Tar:5    | Killed an ancient lich
 72546 | Tar:5    | Reached skill level 24 in Armour
 72860 | Tar:7    | Entered Level 7 of Tartarus
 73757 | Tar:7    | Identified the +1 falchion of Hatred {vamp, rPois rC-
                  | Dex+3}
 73966 | Tar:7    | Lost mutation: Your body is covered in eyes which may
                  | confuse attackers. (Acc +7, SInv) [Jiyva's grace]
 73966 | Tar:7    | Gained mutation: You have a small jelly attached to you
                  | that senses nearby items. [Jiyva's grace]
 73966 | Tar:7    | Gained mutation: Your translucent skin slightly reduces
                  | your foes' accuracy. (Stealth+) [Jiyva's grace]
 73966 | Tar:7    | Gained mutation: Your translucent skin reduces your foes'
                  | accuracy. (Stealth+) [Jiyva's grace]
 73966 | Tar:7    | Gained mutation: Your transparent skin significantly
                  | reduces your foes' accuracy. (Stealth+) [Jiyva's grace]
 74791 | Tar:7    | Noticed Ereshkigal
 74796 | Tar:7    | Paralysed by Ereshkigal for 2 turns
 74817 | Tar:7    | Killed Ereshkigal
 74818 | Tar:7    | Reached skill level 25 in Armour
 74832 | Tar:7    | Got a bone rune of Zot
 75635 | Geh:1    | Entered Level 1 of Gehenna
 76076 | Geh:2    | Reached skill level 15 in Spellcasting
 76166 | Geh:2    | You fall into a shaft and drop 2 floors!
 76248 | Geh:4    | Found a runed translucent gate.
 76248 | Geh:4    | Found a runed translucent gate.
 76248 | Geh:4    | Found a runed translucent gate.
 76248 | Geh:4    | Found a runed translucent gate.
 76248 | Geh:4    | Found a runed translucent gate.
 76250 | Geh:4    | Found a runed translucent gate.
 76250 | Geh:4    | Found a runed translucent gate.
 76251 | Geh:4    | Found a runed translucent gate.
 76252 | Geh:4    | Found a runed translucent gate.
 76252 | Geh:4    | Found a runed translucent gate.
 76252 | Geh:4    | Found a runed translucent gate.
 76253 | Geh:4    | Found a runed translucent gate.
 77398 | Geh:6    | Lost mutation: You have supernaturally acute eyesight.
                  | (SInv) [Jiyva's grace]
 77398 | Geh:6    | Lost mutation: Your system is resistant to poisons. (rPois)
                  | [Jiyva's grace]
 77398 | Geh:6    | Lost mutation: Your transparent skin significantly reduces
                  | your foes' accuracy. (Stealth+) [Jiyva's grace]
 77398 | Geh:6    | Lost mutation: You expend magic power (3 MP) to strengthen
                  | your wands. [Jiyva's grace]
 77398 | Geh:6    | Gained mutation: You have hidden genetic potential.
                  | [Jiyva's grace]
 77398 | Geh:6    | Gained mutation: You have great hidden genetic potential.
                  | [Jiyva's grace]
 77398 | Geh:6    | Gained mutation: Your flesh is heat resistant. (rF+)
                  | [Jiyva's grace]
 77398 | Geh:6    | Gained mutation: Your flesh is very heat resistant. (rF++)
                  | [Jiyva's grace]
 77743 | Geh:7    | Entered Level 7 of Gehenna
 77962 | Geh:7    | Reached skill level 26 in Armour
 78407 | Geh:7    | Found the +7 sceptre of Asmodeus
 78407 | Geh:7    | Noticed Asmodeus
 78450 | Geh:7    | Killed Asmodeus
 78473 | Geh:7    | Got an obsidian rune of Zot
 78911 | Geh:7    | Identified the +1 robe "Zanuxzogg" {Rampage rPois}
 78983 | Coc:1    | Entered Level 1 of Cocytus
 80488 | Zot:5    | Noticed an orb of fire
 80496 | Zot:5    | Noticed an ancient lich
 80500 | Zot:5    | Noticed a dread lich
 80501 | Zot:5    | Gained mutation: Armour fits poorly on your strangely
                  | shaped body. [an orb of fire]
 80503 | Zot:5    | Gained mutation: Your body sometimes deteriorates upon
                  | taking damage. [an orb of fire]
 80511 | Zot:5    | Gained mutation: You are frail. (-10% HP) [an orb of fire]
 80513 | Zot:5    | Killed an ancient lich
 80514 | Zot:5    | Gained mutation: You are vulnerable to cold. (rC-) [an orb
                  | of fire]
 80515 | Zot:5    | Lost mutation: Your muscles are very strong. (Str +8,
                  | Int/Dex -2) [an orb of fire]
 80521 | Zot:5    | Lost mutation: You have great hidden genetic potential. [an
                  | orb of fire]
 80529 | Zot:5    | Killed an orb of fire
 80549 | Zot:5    | Killed a dread lich
 80762 | Zot:5    | Reached skill level 27 in Armour
 80775 | Zot:5    | Noticed an orb of fire
 80783 | Zot:5    | Gained mutation: You sometimes lose your temper in combat.
                  | [an orb of fire]
 80785 | Zot:5    | Noticed an ancient lich
 80806 | Zot:5    | Killed an orb of fire
 80828 | Zot:5    | Killed an ancient lich
 80840 | Zot:5    | Noticed a dread lich
 80846 | Zot:5    | HP: 9/209 [Orb Guardian (15)]
 80846 | Zot:5    | Slain by a ghost moth

Illustrated notes

Levels and vault maps discovered:
D:1:      dpeg_arrival_refuge, layout_basic,
          shapermc_ecumenical_altar_mp_urbaneastern,
          minmay_misc_feat_four_crosses, minmay_tiny_reverse_x
D:2:      layout_basic, minmay_misc_feat_ornament, uniq_robin
D:3:      layout_basic, mainiacjoe_overflow_catwalk,
          nicolae_elyvilon_peaceful_grove, uniq_ijyb
D:4:      layout_basic, amcnicky_altar_gilded, grunt_gozag_statues,
          minmay_goblin_kobold_house
D:5:      layout_basic, mainiacjoe_overflow_six_doors_small,
          minmay_temple_entry_hall, chequers_ossuary_entry_cave, uniq_grinder
D:6:      layout_loops_ring, trog_ov_bears_minmay, tso_oasis_becter,
          overflow_temple_1_default, gammafunk_temple_overflow_wave,
          minmay_holes
D:7:      layout_basic, nicolae_overflow_crystal_walls,
          lemuel_zombie_altar_yredelemnul, gammafunk_ghost_nasty_kobolds,
          serial_park_tiny_1, uniq_maggie
D:8:      layout_basic
D:9:      layout_stronghold, uniq_prince_ribbit1, uniq_joseph
D:10:     layout_big_octagon, nemelex_spade_bored_becter, serial_glass,
          glass_columns_a, glass_columns_a, st_stairs_9,
          minmay_misc_feat_columns
D:11:     layout_irregular_city, dpeg_lair_monsters, serial_shops,
          shop_fountains, gammafunk_ghost_berserking_beasts
D:12:     layout_long_grid, erik_orc_1, serial_co_window_serial,
          co_window_paths_a, co_window_paths_b, co_window_paths_a,
          co_window_corner_a, co_window_paths_a, co_window_corner_a,
          co_window_of_opportunity_a, co_window_cross_1,
          co_window_of_opportunity_a, co_window_corner_b, co_window_broadway_c,
          co_window_unsneaky_path_b, co_window_paths_c, co_window_paths_d,
          co_window_paths_e, glass_columns_a, glass_columns_a, glass_columns_a,
          glass_columns_b, special_room [special_room_orc]
D:13:     layout_loops_ring, portal_ice_cave_entry_pillars_1,
          hangedman_cracks_in_the_wall
D:14:     layout_basic, lightli_vaults_fourway_checkpoint,
          chequers_serial_rivers_micro_a, minivault_16,
          einodemon_barbed_minivault, uniq_snorg
D:15:     gammafunk_enter_depths_forms, layout_basic,
          hangedman_abyss_or_decor_clamps, eino_tiny_chamber, minivault_25,
          uniq_roxanne, uniq_louise
Lair:1:   layout_loops_ring, uniq_fannar
Lair:2:   layout_loops_ring, st_stairs_4, grunt_megastairs_4,
          infiniplex_staircase_pool_2, uniq_amaemon
Lair:3:   layout_cave_pods, shoals_dummy_entry, dummy_snake_entry, basic_altar,
          lemuel_fruit_fields
Lair:4:   layout_cave_pods, ebering_ghost_disaster_area, roderic_carrion_pond,
          serial_bayou_shore_b
Lair:5:   cheibrodos_lair_end_hotspot, layout_gridlike, slime_entry_2,
          lemuel_old_faithful
Shoals:1: layout_shoals, nicolae_shoals_undead_eyrie
Shoals:2: layout_shoals, nicolae_shoals_songs
Shoals:3: layout_shoals
Shoals:4: shoals_end_simple, layout_shoals, nicolae_shoals_circle_sea_wall,
          nicolae_shoals_lost_giant_hut, overgrown_tower
Snake:1:  layout_cave_shapes, serial_bayou, serial_bayou_pond_a,
          serial_bayou_crossing, serial_bayou_lake_a, serial_bayou_shore_b,
          uniq_donald, uniq_azrael, uniq_aizul
Snake:2:  layout_cave_town, nicolae_wooded_promenade
Snake:3:  layout_rooms, serial_shops, shop, grunt_ministairs_7
Snake:4:  minmay_snake_end_coiled, layout_misc_corridors, basic_altar,
          serial_shops, nicolae_shop_window_shopping
Slime:1:  layout_caves
Slime:2:  layout_caves
Slime:3:  layout_caves
Slime:4:  layout_caves
Slime:5
Orc:1:    layout_caves, elves_outpost_lemuel
Orc:2:    grunt_orc_cross, layout_caves
Elf:1:    layout_geoelf_octagon, serial_shops, shop,
          kennysheep_underground_church, nicolae_elf_v_pinch,
          nicolae_concentric_dashed_squares_wild, kilobyte_rumbling_trees,
          uniq_kirke
Elf:2:    nicolae_elf_blades_splatter_lattice
          [nicolae_blade_entry_crossed_weapons], layout_geoelf_diagonals
Elf:3:    minmay_elf_hall_quartered_circle, layout_geoelf_castle, minivault_14,
          serial_sigils_hangedman_shear
Vaults:1: hangedman_vaults_stagger, vaults_dpeg_encased_lava,
          vaults_room_corners, hangedman_vaults_stretched_pinwheel,
          ontoclasm_vaults_ligature, v_misc_4, nicolae_vaults_yaktaur_gun_rack,
          nicolae_vaults_mini_display_case, vaults_room_hallway,
          nicolae_vaults_specimen_jars, layout_vaults_big_room
Vaults:2: hangedman_vaults_trim, nicolae_vaults_network_periphery,
          nicolae_vaults_little_ls, vaults_dpeg_doors, v_misc_16,
          hangedman_vaults_hard_town_square, ontoclasm_vaults_ring_square,
          grunt_vaults_diagonal, vaults_dpeg_cross, hangedman_vaults_impose,
          layout_vaults_omnicross, trove_entry_hex_spiral, uniq_sojobo
Vaults:3: vaults_mumra_hex, nicolae_vaults_octagons,
          nicolae_vaults_network_quinsquares
          [nicolae_vaults_network_quincunx_subvault,
          nicolae_vaults_network_quincunx_subvault,
          nicolae_vaults_network_quincunx_subvault,
          nicolae_vaults_network_quincunx_subvault], v_misc_13, v_misc_18,
          minmay_crypt_entry_simple_box, vaults_room_octagon,
          vaults_mumra_minichess, nicolae_vaults_network_square,
          ontoclasm_vaults_twist, vaults_room_grunt_arrival_ludios,
          nicolae_vaults_angled_halls, v_alt_pattern_3, serial_ice_m,
          layout_vaults_maze, serial_shops, shop
Vaults:4: v_pattern_3, grunt_vaults_focal, grunt_vaults_hallway_short,
          nicolae_vaults_rhombus_6, v_misc_3, v_misc_11, vaults_dpeg_hooks,
          nicolae_vaults_alarming, nicolae_vaults_asterisk,
          layout_vaults_quadrants
Vaults:5
Crypt:1:  cheibrodos_crypt_cold_storage, layout_misc_corridors,
          grunt_ministairs_2, st_stairs_12, moated_statue
Crypt:2:  layout_rooms
Crypt:3:  lightli_unholy_cathedral, layout_chaotic_city,
          nicolae_tomb_entry_unfolded_pyramid_orthogonal, minivault_27,
          ebering_dispersal_statue_hall
Depths:1: layout_gridlike, grunt_pan_entry_in_and_out, hell_entry,
          hangedman_abyss_entry_splay, minmay_misc_feat_tiny,
          dpeg_stationary_puzzle
Depths:2: gold_lair_mu, layout_cave_pools, pan_entry,
          muffindrake_ghost_dead_mans_drink, hell_entry, serial_shops, shop,
          kiku_gazebo_pond_becter
Depths:3: cheibrodos_birdhouse, layout_cave_pools, enter_ziggurat_e, hell_entry,
          special_room [special_room_jelly], minmay_room_of_horrors, pan_entry,
          chequers_serial_rivers_large_b, minmay_shop_grove,
          infiniplex_staircase_pillars_1, uniq_parghit, uniq_margery
Depths:4: evilmike_zot_entry_argh, layout_cave_pools, hangedman_decor_opposing,
          hangedman_geh_valley
Hell
Geh:1:    layout_gehenna_pools_box
Geh:2:    layout_gehenna_pools_basic
Geh:3:    layout_gehenna_lava_caves
Geh:4:    layout_gehenna_pools_box, nicolae_geh_backdraft
Geh:5:    layout_gehenna_pools_box
Geh:6:    layout_gehenna_pools_box
Geh:7:    evilmike_geh
Coc:1:    layout_cocytus_water_paths
Coc:2:    layout_cocytus_water_paths
Coc:3:    layout_cocytus_water_paths
Coc:4:    layout_ice_bergs
Tar:1:    layout_honeycomb
Tar:2:    layout_cathedral_of_symmetry
Tar:3:    nicolae_hells_demon_pit, layout_cathedral_of_symmetry
Tar:4:    layout_honeycomb, nicolae_tar_cuneiform_three
Tar:5:    layout_cathedral_of_symmetry, door_vault
Tar:6:    layout_grid_maze
Tar:7:    tar_mu [tar_mu_maze]
Zot:1:    hangedman_snap_crack_crunch, layout_onion, zot_minivault_6,
          uniq_tiamat
Zot:2:    layout_gridlike
Zot:3:    layout_twisted_circle
Zot:4:    layout_basic, grunt_megastairs_3
Zot:5:    layout_gridlike, hangedman_zot_gyre

Skill      XL: |  1  2  3  4  5  6  7  8  9 10 11 12 13 14 15 16 17 18 19 20 21 22 23 24 25 26 27 |
---------------+----------------------------------------------------------------------------------+-----
Unarmed Combat | 3 4 5 6 7 8 10 11 | 11.0
Transmutations | 3 4 5 8 10 14 | 14.3
Dodging        | 3 6 8 9 11 12 13 14 15 16 17 18 19 20 | 20.6
Polearms       | 2 5 7 9 11 12 | 12.0
Fighting       | 3 6 8 10 12 13 14 15 16 17 18 19 20 21 22 | 22.6
Armour         | 5 7 8 10 11 13 14 15 16 18 20 22 27 | 27.0
Shields        | 7 8 9 11 12 13 14 15 16 17 18 | 18.3
Spellcasting   | 5 13 14 17 | 17.0
Necromancy     | 7 10 13 17 | 17.4

Action                   |  1- 3 |  4- 6 |  7- 9 | 10-12 | 13-15 | 16-18 | 19-21 | 22-24 | 25-27 || total
-------------------------+-------+-------+-------+-------+-------+-------+-------+-------+-------++-------
Melee: Unarmed           |   132 |   140 |   222 |       |       |    35 |       |       |       ||   529
       Punch             |     2 |     3 |    14 |    35 |   104 |       |       |       |       ||   158
       Kick              |     6 |    39 |    84 |   229 |   740 |   623 |  1238 |  1224 |  1782 ||  5965
       Headbutt          |     5 |    19 |    37 |    29 |   122 |    53 |   149 |   201 |       ||   615
       Lance             |       |       |    73 |   724 |  1953 |  2389 |  2692 |  2585 |  3686 || 14102
 Cast: Beastly Appendage |     4 |    18 |    26 |    11 |    25 |    14 |    16 |     4 |       ||   118
       Wereblood         |       |       |       |       |    10 |    12 |    16 |     4 |       ||    42
Evoke: Wand              |       |       |     1 |     4 |     1 |       |       |       |       ||     6
  Use: Scroll            |       |     5 |    15 |    10 |    10 |    11 |    10 |    14 |     6 ||    81
       Potion            |       |       |     1 |     3 |     4 |     5 |     8 |    30 |    16 ||    67
 Stab: Sleeping          |     1 |     1 |       |       |       |       |       |       |       ||     2
       Petrified         |       |       |       |     5 |       |       |       |       |       ||     5
       Distracted        |       |       |       |       |     1 |     1 |       |       |       ||     2
       Invisible         |       |       |       |       |       |     4 |     9 |       |       ||    13
       Paralysed         |       |       |       |       |       |       |     3 |       |       ||     3
       Confused          |       |       |       |       |       |       |       |     1 |    17 ||    18
Armor: Robe              |    19 |    10 |     5 |       |       |       |       |       |       ||    34
       Ring mail         |       |       |    64 |   126 |   182 |       |       |       |       ||   372
       Pearl dragon scal |       |       |       |       |    73 |   346 |   502 |   292 |       ||  1213
       Scale mail        |       |       |       |       |       |       |       |     2 |       ||     2
       Gold dragon scale |       |       |       |       |       |       |       |   385 |  1583 ||  1968
Dodge: Dodged            |    83 |    87 |   263 |   558 |  1015 |   698 |   915 |   480 |  1164 ||  5263
       Repelled          |       |       |       |       |       |       |    16 |    24 |       ||    40
Block: Buckler           |       |       |       |       |    30 |       |       |       |       ||    30
       Kite shield       |       |       |       |       |   262 |  1396 |  1716 |  1957 |  3028 ||  8359

Table legend: (Time is in decaauts)
 A = Elapsed time spent in this place.
 B = Non-inter-level travel time spent in this place.
 C = Inter-level travel time spent in this place.
 D = Time resting spent in this place.
 E = Time spent auto-exploring this place.
 F = Levels seen in this place.
 G = Mean time per level.
                   A        B        C        D        E       F      G
               +--------+--------+--------+--------+--------+-----+--------+
         Total |  76225 |  66829 |   9396 |   5503 |  43688 |  78 |  977.2 |
       Dungeon |  16341 |  13704 |   2637 |    486 |  10414 |  15 | 1089.4 |
          Lair |   6216 |   4911 |   1305 |    188 |   3620 |   5 | 1243.2 |
        Shoals |   4368 |   4125 |    243 |    491 |   2408 |   4 | 1092.0 |
     Snake Pit |   4315 |   4101 |    214 |    322 |   2831 |   4 | 1078.8 |
    Slime Pits |   2611 |   2367 |    244 |    307 |   1359 |   5 |  522.2 |
  Orcish Mines |   1629 |   1347 |    282 |    109 |    796 |   2 |  814.5 |
   Elven Halls |   4679 |   4163 |    516 |    378 |   2754 |   3 | 1559.7 |
        Vaults |   9860 |   8312 |   1548 |    747 |   5394 |   5 | 1972.0 |
         Crypt |   4007 |   3530 |    477 |    524 |   1959 |   3 | 1335.7 |
        Depths |   4944 |   4182 |    762 |    462 |   2486 |   4 | 1236.0 |
          Hell |   1186 |   1146 |     40 |    376 |    230 |   1 | 1186.0 |
       Gehenna |   2941 |   2757 |    184 |      0 |   1582 |   7 |  420.1 |
       Cocytus |    909 |    738 |    171 |    105 |    371 |   4 |  227.2 |
      Tartarus |   5073 |   4779 |    294 |    437 |   3185 |   7 |  724.7 |
           Zot |   5265 |   4793 |    472 |    168 |   3380 |   5 | 1053.0 |
         Abyss |    299 |    299 |      0 |      0 |    111 |   1 |  299.0 |
         Trove |     40 |     40 |      0 |      0 |      0 |   1 |   40.0 |
       Ossuary |    336 |    336 |      0 |    100 |    137 |   1 |  336.0 |
      Ice Cave |   1197 |   1197 |      0 |    300 |    668 |   1 | 1197.0 |
               +--------+--------+--------+--------+--------+-----+--------+

Top non-repeatable levels by time:
   Tar:7: 2730 daAuts
Vaults:3: 2674 daAuts
Vaults:2: 2296 daAuts
Vaults:4: 2191 daAuts
Depths:1: 1974 daAuts
    D:12: 1939 daAuts
  Lair:5: 1759 daAuts
   Elf:2: 1735 daAuts
   Elf:3: 1561 daAuts
 Crypt:3: 1553 daAuts
Vaults:1: 1534 daAuts
Depths:2: 1509 daAuts
Shoals:4: 1499 daAuts
    D:14: 1447 daAuts
    D:15: 1431 daAuts
